AoeStats
← bumbsbomba74

Lombardia

509132353Analyzed
3v3 RM · 7d ago on Sep 25, 2026· 46m 12s· 6 players
Game mode
Random Map
Map size
Normal (6 player)
Population
200
Speed
Normal
Resources
Standard
Victory
Conquest
Starting age
Dark Age
Ending age
Imperial Age
RankedLock teamsTeams togetherTeam positionsShared explorationLock speedFull tech treeHidden civsTurbo modeCheats
Victory
Defeat
🇩🇪 Cumans · Germany
1222
+11
🇩🇪 Britons · Germany
1112
+16
🇩🇪 Vietnamese · Germany
1039
+19
🇹🇼 Persians · Taiwan
1164
-18
🇹🇼 Danes · Taiwan
1106
-15
🇹🇼 Britons · Taiwan
1059
-13
x316f72girp
12:00 Feudal Age
11:05 Loom
12:55 Double-Bit Axe
16:28 Castle Age
16:29 Wheelbarrow
15:36 Horse Collar
23:41 Fletching
24:51 Stone Mining
28:17 Imperial Age
26:49 Padded Archer Armor
27:25 Heavy Plow
31:36 Bodkin Arrow
31:57 Leather Archer Armor
31:59 Gold Mining
33:46 Yeomen
33:08 Elite Skirmisher
36:20 Conscription
36:25 Bracer
37:14 Bow Saw
42:06 Ring Archer Armor
41:39 Squires
43:18 Pikeman
45:43 Forging
45:34 Scale Mail Armor
ShuShu
10:26 Feudal Age
20:32 Castle Age
19:43 Stone Mining
21:16 Double-Bit Axe
29:50 Horse Collar
32:35 Scale Mail Armor
39:52 Bow Saw
40:29 Loom
45:11 Wheelbarrow
OldWang
10:57 Feudal Age
12:17 Loom
15:28 Castle Age
18:18 Double-Bit Axe
18:13 Horse Collar
20:00 Bloodlines
23:56 Forging
24:06 Husbandry
28:00 Scale Barding Armor
31:13 Heavy Plow
32:22 Bow Saw
34:15 Chain Barding Armor
35:57 Wheelbarrow
38:37 Iron Casting
38:35 Town Watch
41:49 Imperial Age
40:58 Hand Cart
41:43 Heavy Camel Rider
bumbsbomba74
7:19 Loom
9:52 Feudal Age
10:04 Man-at-Arms
14:17 Horse Collar
20:41 Castle Age
18:59 Fletching
19:14 Gold Mining
21:46 Bodkin Arrow
21:32 Crossbowman
23:02 Double-Bit Axe
24:05 Bow Saw
27:39 Wheelbarrow
27:07 Heavy Plow
29:27 Hand Cart
34:02 Stone Mining
38:13 Imperial Age
36:21 Scale Barding Armor
36:27 Forging
36:56 Stone Shaft Mining
37:01 Bloodlines
36:52 Husbandry
38:01 Chain Barding Armor
39:38 Plate Barding Armor
39:11 Elite Battle Elephant
40:10 Chatras
41:08 Iron Casting
41:57 Paper Money
43:49 Chemistry
43:55 Town Watch
44:53 Town Patrol
45:36 Siege Engineers
Panda
10:46 Feudal Age
13:04 Double-Bit Axe
14:12 Fletching
15:17 Padded Archer Armor
16:30 Loom
24:03 Castle Age
24:24 Crossbowman
26:19 Bodkin Arrow
30:32 Leather Archer Armor
33:04 Bow Saw
32:38 Horse Collar
33:38 Wheelbarrow
33:48 Ballistics
36:13 Hand Cart
41:33 Imperial Age
41:42 Onager
44:55 Two-Man Saw
43:44 Arbalester
45:29 Chemistry
44:33 Bracer
drive
6:51 Loom
10:11 Feudal Age
19:05 Horse Collar
19:13 Double-Bit Axe
23:08 Wheelbarrow
27:18 Castle Age
26:39 Scale Mail Armor
28:09 Capped Ram
29:33 Town Watch
29:20 Pikeman
32:14 Fletching
33:10 Forging
36:02 Bow Saw
36:31 Scale Barding Armor
38:39 Bloodlines
38:54 Steppe Husbandry
42:09 Imperial Age
41:00 Hand Cart
40:45 Light Cavalry
43:00 Town Patrol
42:31 Onager
43:58 Hussar
46:19 Chain Barding Armor
46:35 Iron Casting
Connection lost

Rejoining the realm…

Still unreachable

The connection could not be restored.

Session expired

The server has moved on; the page needs a fresh start.